[Event "Team 45 45 League T63"]
[Site "Internet Chess Club"]
[Date "2014.12.08"]
[Round "2"]
[White "tamky70"]
[Black "Conjurer"]
[Result "1-0"]
[WhiteElo "1404"]
[BlackElo "1324"]
[Opening "Bird's opening"]
[ECO "A02"]
[Time "19:43:51"]
[TimeControl "2700+45"]

1. f4 Nf6 2. Nf3 g6 3. d3 Bg7 4. c3 c5 5. Qc2 Nc6 6. e4 O-O 7. Be2 d6 8. O-O e5
9. fxe5 dxe5 10. Nbd2 Ng4 11. Nc4 b5 12. Na3 Bb7 13. h3 Nh6 14. Nxb5 Qb6 15. Nd6
c4+ 16. Kh1 cxd3 17. Bxd3 Ba6 18. Nc4 Qc7 19. Be3 Ne7 20. b3 Rad8 21. Be2 Bc8
22. Rad1 f5 23. Rxd8 Qxd8 24. Nfxe5 fxe4 25. Rxf8+ Qxf8 26. Qxe4 Bf5 27. Qb7 Nf7
28. Nxf7 Qxf7 29. Nd6 Qe6 30. Qb8+ Bf8 31. Bc4 Nd5 32. Nxf5 Qxf5 33. Bd4 Kf7 34.
Qb7+ Be7 35. Qxd5+ Qxd5 36. Bxd5+ Ke8 37. Kg1 a5 38. a4 Kd7 39. Bc4 Kc6 40. Kf2
Bh4+ 41. Ke2 Be7 42. Kd3 h5 43. Ke4 g5 44. Bf7 h4 45. Kf5 Kd6 46. Bf6 Bxf6 47.
Kxf6 Kc5 48. Kxg5 {Black resigns} 1-0

[Event "Team 45 45 League T63"]
[Site "Internet Chess Club"]
[Date "2014.12.05"]
[Round "2"]
[White "Toalla"]
[Black "bardu"]
[Result "0-1"]
[WhiteElo "1344"]
[BlackElo "1077"]
[Opening "Queen's pawn: London system"]
[ECO "A45"]
[Time "15:02:32"]
[TimeControl "2700+45"]

1. d4 Nf6 2. Bf4 e6 3. e3 b6 4. Nf3 Bb7 5. Bd3 d5 6. O-O Bd6 7. Re1 Bxf4 8. exf4
O-O 9. Nbd2 c5 10. c3 Qc7 11. Ne5 Nbd7 12. Ndf3 Nxe5 13. Nxe5 Nd7 14. Re3 cxd4
15. cxd4 f6 16. Rc1 Qd6 17. Bxh7+ Kxh7 18. Qh5+ Kg8 19. Ng6 Rfe8 20. Rh3 Kf7 21.
Nh4+ Ke7 22. Re1 Kd8 23. Ng6 Rc8 24. Nh8 Qxf4 25. Nf7+ Kc7 26. Rc3+ Kb8 27. Qg6
Rxc3 28. bxc3 Qd2 29. Qg3+ Ka8 30. f4 Qc2 31. Qxg7 Qxc3 32. Qg3 Qxd4+ 33. Qe3
Qxe3+ 34. Rxe3 Nc5 35. Nd6 Rd8 36. Rxe6 Nxe6 {White resigns} 0-1

[Event "Team 45 45 League T63"]
[Site "Internet Chess Club"]
[Date "2014.12.05"]
[Round "2"]
[White "Kandor"]
[Black "WzeroMN"]
[Result "1-0"]
[WhiteElo "1297"]
[BlackElo "1086"]
[Opening "King's pawn game"]
[ECO "C44"]
[Time "16:31:39"]
[TimeControl "2700+45"]

1. e4 e5 2. Nf3 Nc6 3. d3 Nf6 4. g3 Bc5 5. Bg2 h6 6. O-O O-O 7. Nbd2 b5 8. c3 d6
9. b4 Bb6 10. a4 bxa4 11. Qxa4 Ne7 12. Qb3 Be6 13. Qd1 d5 14. Qe2 Bg4 15. h3
Bxf3 16. Nxf3 dxe4 17. dxe4 Ng6 18. Kh2 Re8 19. Rd1 Qe7 20. Ra2 Red8 21. Rxd8+
Rxd8 22. Rd2 Rxd2 23. Bxd2 a5 24. bxa5 Bxa5 25. Qb5 Bb6 26. Qe2 c5 27. c4 Qd6
28. Ne1 Qd4 29. Nc2 Qd6 30. Ne3 Qc6 31. Nf5 Qe6 32. Bf3 Ba7 33. Bg4 Nxg4+ 34.
Qxg4 Qxc4 35. h4 Qc2 36. Be3 {Black forfeits on time} 1-0

[Event "Team 45 45 League T63"]
[Site "Internet Chess Club"]
[Date "2014.12.04"]
[Round "2"]
[White "WilmaP"]
[Black "wildangels"]
[Result "1-0"]
[WhiteElo "1186"]
[BlackElo "994"]
[Opening "Sicilian defense"]
[ECO "B32"]
[Time "15:00:32"]
[TimeControl "2700+45"]

1. e4 c5 2. Nf3 Nc6 3. d4 d6 4. Bc4 e6 5. O-O Qa5 6. Bd2 Qc7 7. Bc3 Nf6 8. Re1
Be7 9. b3 d5 10. exd5 Ng4 11. g3 Na5 12. Bb5+ Bd7 13. Bxd7+ Kxd7 14. dxe6+ fxe6
15. dxc5+ Ke8 16. Bxg7 Rg8 17. Bd4 b6 18. cxb6 axb6 19. Nc3 Bb4 20. Rxe6+ Kf7
21. Be5 Qc5 22. Qd7+ Qe7 23. Qxe7+ Bxe7 24. Nd5 Kxe6 25. Rd1 Kf7 26. Nxb6 Rad8
27. Re1 Rd2 28. Rf1 Rxc2 29. h3 Ne3 30. fxe3 Rxa2 31. b4 Nb3 32. Nd4+ Kg6 33.
Nxb3 Bxb4 34. Nd5 Bd2 35. Ne7+ Kh5 36. Nxg8 Bxe3+ 37. Kh1 Bg5 38. Bf6 Be3 39.
Rf5+ Kg6 40. Rf3 Bd2 41. Nxd2 Rxd2 42. Ne7+ Kf7 43. Bh4+ Ke8 44. Re3 Rd1+ 45.
Kg2 Rd2+ 46. Kf3 Kd7 47. Ng8 Rd6 48. Re7+ Kc6 49. Rxh7 Rd3+ 50. Kf4 Rd4+ 51. Kf5
Rd5+ 52. Kg6 Kb6 53. Ne7 Rd6+ 54. Bf6 Rd7 55. h4 Rd6 56. Nc8+ Kc6 57. Nxd6 Kxd6
58. Be7+ Ke6 59. h5 Ke5 60. h6 Ke6 61. Rg7 Kd7 62. h7 Ke6 63. h8=Q Kd7 64. Bb4+
Ke6 65. Qe8+ {Black resigns} 1-0

[Event "Team 45 45 League T63"]
[Site "Internet Chess Club"]
[Date "2014.12.07"]
[Round "2"]
[White "KingOfClubs"]
[Black "dabodhi"]
[Result "1/2-1/2"]
[WhiteElo "1380"]
[BlackElo "1362"]
[Opening "Scandinavian defense"]
[ECO "B01"]
[Time "17:01:36"]
[TimeControl "2700+45"]

1. e4 d5 2. exd5 Nf6 3. Nc3 Nxd5 4. Nxd5 Qxd5 5. Nf3 Bg4 6. Be2 e5 7. c4 Qa5 8.
O-O c6 9. a3 Bd6 10. d3 Nd7 11. Bd2 Qc7 12. Bb4 O-O 13. Bxd6 Qxd6 14. Ne1 Bxe2
15. Qxe2 Nc5 16. b4 Nb3 17. c5 Qd5 18. Rb1 Nd4 19. Qe4 Qxe4 20. dxe4 Ne2+ 21.
Kh1 Nc3 22. Rb2 Nxe4 23. Nd3 Rfe8 24. f3 Nc3 25. Rc1 Nb5 26. a4 Nd4 27. Re1 f6
28. Nf2 f5 29. Nd3 e4 30. fxe4 fxe4 31. Nf4 e3 32. Ne2 Rad8 33. h3 Nf5 34. Kh2
Rd2 35. Rbb1 Nd4 36. Nxd4 Rxd4 37. Re2 Rd2 38. Rbe1 Rxe2 39. Rxe2 Re4 40. b5
Rxa4 41. bxc6 bxc6 42. Rxe3 Kf7 43. Rd3 Ke7 44. Rd6 Rc4 45. Rxc6 Kd7 46. Ra6
Rxc5 47. Rxa7+ Rc7 48. Rxc7+ Kxc7 49. Kg3 Kd7 50. Kf4 Ke6 51. Kg5 Ke5 52. g4 Ke6
53. h4 Kf7 54. h5 Ke6 55. Kf4 h6 56. g5 hxg5+ 57. Kxg5 Kf7 {Game drawn by mutual
agreement} 1/2-1/2

[Event "Team 45 45 League T63"]
[Site "Internet Chess Club"]
[Date "2014.12.07"]
[Round "2"]
[White "seattleblues"]
[Black "arconia"]
[Result "0-1"]
[WhiteElo "1421"]
[BlackElo "1322"]
[Opening "Queen's pawn game"]
[ECO "E10"]
[Time "21:00:48"]
[TimeControl "2700+45"]

1. d4 Nf6 2. Nf3 e6 3. c4 Be7 4. Nc3 O-O 5. Bf4 d6 6. h3 b6 7. e3 c5 8. Bd3 Bb7
9. O-O Nbd7 10. Nb5 Ne4 11. Bxe4 Bxe4 12. Nxd6 Bxd6 13. Bxd6 Re8 14. Bh2 Qf6 15.
Nd2 Bb7 16. Nb3 Rad8 17. Qc2 Qg5 18. Bg3 f5 19. Rae1 h5 20. f3 Qxg3 21. d5 Ne5
22. dxe6 Nxf3+ 23. Rxf3 Bxf3 24. Rf1 Be4 {White resigns} 0-1

[Event "Team 45 45 League T63"]
[Site "Internet Chess Club"]
[Date "2014.12.06"]
[Round "2"]
[White "rhayder"]
[Black "Just-Jim"]
[Result "0-1"]
[WhiteElo "1336"]
[BlackElo "1330"]
[Opening "Philidor's defense"]
[ECO "C41"]
[Time "11:20:08"]
[TimeControl "2700+45"]

1. e4 e5 2. Nf3 d6 3. Bb5+ Bd7 4. Nc3 c6 5. Bc4 h6 6. a4 a6 7. d4 Be7 8. dxe5
Be6 9. exd6 Bxc4 10. dxe7 Qxd1+ 11. Nxd1 Nxe7 12. Ne3 Be6 13. b3 O-O 14. Ba3 Re8
15. Bxe7 Rxe7 16. Nd4 Bd7 17. O-O c5 18. Ndf5 Bxf5 19. Nxf5 Rxe4 20. Rae1 Rxe1
21. Rxe1 Nc6 22. Nd6 Rb8 23. Re8+ Rxe8 24. Nxe8 Nd4 25. Nd6 b6 26. Nc4 Nxc2 27.
Nxb6 Nd4 28. Kf1 Nxb3 29. Ke2 Kf8 30. Kd3 Nd4 31. Kc4 Ke8 32. Kxc5 Ne6+ 33. Kb4
Nc7 34. Ka5 Ke7 35. Nc4 f6 36. Ne3 g6 37. Nc2 Kd7 38. Nb4 Ne6 39. Kxa6 Kd6 40.
Kb6 Nc5 41. a5 Nd7+ 42. Kb7 Kc5 43. Nd3+ Kb5 44. a6 Nb6 45. a7 g5 46. a8=Q Nxa8
47. Kxa8 Kc4 48. Nc1 Kd4 49. Ne2+ Kd3 50. Ng3 Kd2 51. Kb7 Ke1 52. Ne4 Kf1 53. g3
f5 54. Nf6 Kxf2 55. Ng8 h5 56. Nh6 f4 57. gxf4 gxf4 58. h4 Kg3 59. Nf5+ Kg4 60.
Nd4 Kxh4 61. Kc6 Kg4 62. Kd5 h4 63. Ke4 h3 64. Nf3 Kg3 65. Ng1 h2 66. Ne2+ Kg4
{White resigns} 0-1

[Event "Team 45 45 League T63"]
[Site "Internet Chess Club"]
[Date "2014.12.06"]
[Round "2"]
[White "jjaco"]
[Black "stantheman59"]
[Result "0-1"]
[WhiteElo "1022"]
[BlackElo "1179"]
[Opening "Ruy Lopez: Berlin defense"]
[ECO "C65"]
[Time "11:05:22"]
[TimeControl "2700+45"]

1. e4 e5 2. Nf3 Nc6 3. Bb5 Nf6 4. c3 Nxe4 5. d4 exd4 6. cxd4 Bb4+ 7. Bd2 Bxd2+
8. Nbxd2 Nxd2 9. Qxd2 Qe7+ 10. Be2 d5 11. O-O O-O 12. Rfe1 Bg4 13. a3 Qf6 14.
Ne5 Bxe2 15. Rxe2 Nxe5 16. dxe5 Qe6 17. f4 c5 18. Rf1 g6 19. b3 a5 20. Qd3 c4
21. bxc4 dxc4 22. Qc3 Rfd8 23. g4 Qxg4+ 24. Rg2 Qe6 25. h3 Rd3 26. Qc2 Kf8 27.
Rd1 Rxh3 28. Qe4 Qb6+ 29. Rd4 Rd8 30. Rd2 Rxa3 31. Kg2 Rxd4 32. Qxd4 Qxd4 33.
Rxd4 b5 34. Rd8+ Ke7 35. Rd1 c3 {White resigns} 0-1

[Event "Team 45 45 League T63"]
[Site "Internet Chess Club"]
[Date "2014.12.07"]
[Round "2"]
[White "Salvatore"]
[Black "RD1974"]
[Result "0-1"]
[WhiteElo "1608"]
[BlackElo "1651"]
[Opening "Richter-Veresov attack"]
[ECO "D01"]
[Time "17:00:26"]
[TimeControl "2700+45"]

1. d4 d5 2. Nc3 Nf6 3. Bg5 e6 4. Nf3 Be7 5. Bxf6 Bxf6 6. e4 O-O 7. e5 Be7 8. Bd3
c5 9. dxc5 Bxc5 10. Bxh7+ Kxh7 11. Qd3+ g6 12. O-O-O Nc6 13. h4 Kg7 14. h5 Ne7
15. h6+ Kh8 16. h7 Nf5 17. g4 Ng7 18. Rh6 Qe7 19. Rdh1 a5 20. Ne2 b5 21. Nf4 Ba6
22. Rxg6 b4 23. Qd2 Ne8 24. Rxe6 Qxe6 25. Nxe6 fxe6 26. Ng5 Rxf2 27. Qe1 Ng7 28.
Kb1 Raf8 29. a3 Rf1 {White resigns} 0-1

[Event "Team 45 45 League T63"]
[Site "Internet Chess Club"]
[Date "2014.12.07"]
[Round "2"]
[White "tryanything"]
[Black "hondocando"]
[Result "0-1"]
[WhiteElo "1523"]
[BlackElo "1569"]
[Opening "Queen's bishop game"]
[ECO "D02"]
[Time "04:00:26"]
[TimeControl "2700+45"]

1. d4 Nf6 2. Nf3 d5 3. Bf4 e6 4. e3 c5 5. c3 Nc6 6. Bd3 Bd6 7. Bg3 O-O 8. Nbd2
cxd4 9. exd4 Re8 10. Ne5 Ne7 11. O-O h6 12. f4 Nf5 13. Qf3 a6 14. Ng4 Nxg4 15.
Qxg4 Ne3 16. Qf3 Nxf1 17. Rxf1 b5 18. c4 Bb4 19. Be1 Bxd2 20. Bxd2 bxc4 21. Bxc4
Qb6 22. Bb3 Qxd4+ 23. Be3 Qe4 24. Qe2 {White resigns} 0-1

[Event "Team 45 45 League T63"]
[Site "Internet Chess Club"]
[Date "2014.12.06"]
[Round "2"]
[White "Tjet"]
[Black "PostMike"]
[Result "1/2-1/2"]
[WhiteElo "1573"]
[BlackElo "1445"]
[Opening "English opening"]
[ECO "A20"]
[Time "14:30:31"]
[TimeControl "2700+45"]

1. c4 e5 2. g3 Nf6 3. Bg2 d5 4. cxd5 Nxd5 5. Nc3 Nb6 6. d3 Be7 7. Nf3 Nc6 8. O-O
O-O 9. h3 Be6 10. Kh2 f5 11. a3 a6 12. b4 Nd5 13. Nxd5 Bxd5 14. Bb2 Bf6 15. Nd2
Kh8 16. Bxd5 Qxd5 17. Qc2 Rad8 18. Rac1 Rd7 19. Qc5 Qf7 20. Nf3 Rd5 21. Qc2 Rfd8
22. Rfd1 e4 23. Bxf6 Qxf6 24. Ne1 f4 25. dxe4 fxg3+ 26. fxg3 Qf2+ 27. Ng2 Rxd1
28. Rxd1 Rxd1 29. Qxd1 Qf7 30. Nf4 {Game drawn by mutual agreement} 1/2-1/2

[Event "Team 45 45 League T63"]
[Site "Internet Chess Club"]
[Date "2014.12.06"]
[Round "2"]
[White "room-matt"]
[Black "Schachteufel"]
[Result "1-0"]
[WhiteElo "1895"]
[BlackElo "1653"]
[Opening "Pirc: classical (two knights) system"]
[ECO "B08"]
[Time "06:06:37"]
[TimeControl "2700+45"]

1. d4 Nf6 2. Nc3 g6 3. e4 d6 4. Nf3 Bg7 5. Bb5+ c6 6. Be2 O-O 7. O-O Nbd7 8. Bg5
Qa5 9. h3 b5 10. a3 Re8 11. Qd2 Bb7 12. e5 dxe5 13. dxe5 Nxe5 14. Nxe5 b4 15.
Nc4 bxc3 16. Nxa5 cxd2 17. Nxb7 Rab8 18. Ba6 Ne4 19. Bf4 e5 20. Be3 Re7 21. Na5
Rxb2 22. Nxc6 Re6 23. Nb4 f5 24. Bc4 {Black resigns} 1-0

[Event "Team 45 45 League T63"]
[Site "Internet Chess Club"]
[Date "2014.12.09"]
[Round "2"]
[White "GregoryViking"]
[Black "rayngrant"]
[Result "1-0"]
[WhiteElo "1580"]
[BlackElo "1572"]
[Opening "Ruy Lopez: exchange variation, 5.O-O"]
[ECO "C68"]
[Time "18:03:11"]
[TimeControl "2700+45"]

1. e4 e5 2. Nf3 Nc6 3. Bb5 a6 4. Bxc6 dxc6 5. O-O Bg4 6. d3 Bxf3 7. Qxf3 Qf6 8.
Nd2 Qxf3 9. Nxf3 f6 10. Be3 O-O-O 11. a3 Ne7 12. Nd2 Ng6 13. Nb3 b6 14. g3 a5
15. Rfd1 a4 16. Nc1 Be7 17. Ne2 Nf8 18. f4 Ne6 19. fxe5 fxe5 20. Rf1 Rhf8 21.
Kg2 Rf6 22. Rxf6 gxf6 23. Rf1 Rg8 24. Rf5 Ng7 25. Rf2 h5 26. h4 Rf8 27. Kh3 f5
28. Bh6 fxe4 29. Rxf8+ Bxf8 30. dxe4 Ne6 31. Bxf8 Nxf8 32. g4 hxg4+ 33. Kxg4 Kd7
34. Kf5 Kd6 35. h5 Ke7 36. Kxe5 Kf7 37. Nf4 Nd7+ 38. Kf5 Nc5 39. e5 b5 40. h6
Kg8 41. Kg6 Ne4 42. h7+ Kh8 43. Kh6 {Black resigns} 1-0

[Event "Team 45 45 League T63"]
[Site "Internet Chess Club"]
[Date "2014.12.07"]
[Round "2"]
[White "Herbie1"]
[Black "portis2"]
[Result "1/2-1/2"]
[WhiteElo "1693"]
[BlackElo "1684"]
[Opening "French: exchange variation"]
[ECO "C01"]
[Time "10:00:31"]
[TimeControl "2700+45"]

1. e4 e6 2. d4 d5 3. exd5 exd5 4. Be2 Bb4+ 5. Nc3 Nf6 6. Bf3 O-O 7. h3 Re8+ 8.
Be3 c6 9. Ne2 Bf5 10. O-O Nbd7 11. Ng3 Bg6 12. a3 Bd6 13. Bg5 Qc7 14. Bxf6 Nxf6
15. Nge2 Re7 16. Qd2 Rae8 17. Rae1 Nh5 18. Bxh5 Bxh5 19. Nc1 Bf4 20. Rxe7 Rxe7
21. Qd3 Bg6 22. Qd1 h6 23. N3e2 Be4 24. Nd3 Bxd3 25. Qxd3 Bd6 26. c3 c5 27. Rd1
{Game drawn by mutual agreement} 1/2-1/2

[Event "Team 45 45 League T63"]
[Site "Internet Chess Club"]
[Date "2014.12.05"]
[Round "2"]
[White "Berke"]
[Black "julesraider"]
[Result "1-0"]
[WhiteElo "1614"]
[BlackElo "1565"]
[Opening "Caro-Kann: exchange variation"]
[ECO "B13"]
[Time "16:00:24"]
[TimeControl "2700+45"]

1. e4 c6 2. d4 d5 3. exd5 cxd5 4. Bd3 Nc6 5. c3 Qc7 6. Bg5 e6 7. Nf3 Bd6 8. Nbd2
Nge7 9. Qc2 Ng6 10. h3 a6 11. Be3 b5 12. Nb3 Na5 13. Nxa5 Qxa5 14. O-O Bd7 15.
a3 Rc8 16. b4 O-O 17. bxa5 {Black resigns} 1-0

[Event "Team 45 45 League T63"]
[Site "Internet Chess Club"]
[Date "2014.12.08"]
[Round "2"]
[White "justice02"]
[Black "backrankbrawler"]
[Result "1/2-1/2"]
[WhiteElo "1765"]
[BlackElo "1780"]
[Opening "English opening"]
[ECO "A05"]
[Time "21:30:15"]
[TimeControl "2700+45"]

1. Nf3 Nf6 2. c4 g6 3. g3 Bg7 4. Bg2 O-O 5. O-O d6 6. Nc3 e5 7. d3 c6 8. Rb1 a5
9. b3 Nfd7 10. Ba3 Qc7 11. Ne4 c5 12. Nc3 Nb6 13. Nb5 Qe7 14. Qd2 f5 15. Qe3 Nc6
16. Nxd6 Nb4 17. Nxc8 Rfxc8 18. Qg5 Bf6 19. Qd2 Rd8 20. Rfd1 e4 21. Ne1 exd3 22.
Nxd3 Nxd3 23. exd3 a4 24. b4 Nxc4 25. Qc1 Nxa3 26. Qxa3 cxb4 27. Qxb4 Qe2 28.
Qc4+ Kh8 29. Bf1 Qf3 30. d4 Qc6 31. Qb4 Rab8 32. Bb5 Qe4 33. Re1 Qxd4 34. Qxa4
Qxa4 35. Bxa4 b6 36. Bb5 Bd4 37. a4 Bc5 38. Re2 Rd4 39. Kg2 Rbd8 40. Rbe1 Rd2
41. Rxd2 {Game drawn by mutual agreement} 1/2-1/2

[Event "Team 45 45 League T63"]
[Site "Internet Chess Club"]
[Date "2014.12.07"]
[Round "2"]
[White "amicusUK"]
[Black "Grenadier"]
[Result "0-1"]
[WhiteElo "1656"]
[BlackElo "1613"]
[Opening "Queen's pawn game"]
[ECO "A46"]
[Time "15:02:41"]
[TimeControl "2700+45"]

1. d4 Nf6 2. Nf3 d6 3. Nbd2 Nbd7 4. e3 e5 5. Bd3 g6 6. c4 Bg7 7. O-O O-O 8. b4
Re8 9. Qc2 b6 10. Bb2 exd4 11. exd4 c5 12. bxc5 bxc5 13. d5 Nb6 14. Rfe1 Bd7 15.
Rxe8+ Bxe8 16. Ne4 Nxe4 17. Bxg7 Kxg7 18. Bxe4 Qf6 19. Re1 Ba4 20. Qc1 Re8 21.
Nd2 Qd4 22. Re3 f5 23. Rd3 Qe5 24. Nf3 Qxe4 25. Re3 Qxc4 26. Qxc4 Nxc4 27. Rxe8
Bxe8 28. g3 Bf7 {White resigns} 0-1

[Event "Team 45 45 League T63"]
[Site "Internet Chess Club"]
[Date "2014.12.07"]
[Round "2"]
[White "zepled37"]
[Black "Innes"]
[Result "1-0"]
[WhiteElo "1674"]
[BlackElo "1593"]
[Opening "Ruy Lopez: modern Steinitz defense, 5.O-O"]
[ECO "C72"]
[Time "17:04:53"]
[TimeControl "2700+45"]

1. e4 e5 2. Nf3 Nc6 3. Bb5 a6 4. Ba4 d6 5. O-O Bd7 6. c3 Nge7 7. d4 Ng6 8. Bb3
Be7 9. Re1 h6 10. Nbd2 exd4 11. cxd4 O-O 12. h3 Kh8 13. Nf1 Bf6 14. Ne3 Nce7 15.
Ng4 Bxg4 16. hxg4 Nc6 17. a3 Be7 18. Be3 Qd7 19. g5 h5 20. Nh2 Kg8 21. Qxh5 Nh8
22. g6 Bf6 23. Qh7# {Black checkmated} 1-0

[Event "Team 45 45 League T63"]
[Site "Internet Chess Club"]
[Date "2014.12.07"]
[Round "2"]
[White "burnsy"]
[Black "BrerRabbit"]
[Result "0-1"]
[WhiteElo "1580"]
[BlackElo "1507"]
[Opening "Réti: Wade defense"]
[ECO "A04"]
[Time "19:01:44"]
[TimeControl "2700+45"]

1. Nf3 d6 2. e4 Bg4 3. Be2 Nf6 4. Nc3 e6 5. h3 Bh5 6. d3 h6 7. Be3 Be7 8. Qd2
O-O 9. g4 Bg6 10. g5 hxg5 11. Bxg5 Nh7 12. h4 Nxg5 13. hxg5 Nd7 14. O-O-O f6 15.
gxf6 Bxf6 16. Rdg1 Kf7 17. Rg2 Rh8 18. Rhg1 Rh6 19. Ng5+ Bxg5 20. Rxg5 Qf6 21.
e5 Nxe5 22. Ne4 Bxe4 23. Rxg7+ Qxg7 24. Rxg7+ Kxg7 25. dxe4 Rh1+ 26. Bd1 Rf8 27.
Qg5+ Kf7 28. Kd2 Rfh8 29. Be2 R1h3 30. f4 Nf3+ 31. Bxf3 Rxf3 32. b3 Rh2+ 33. Kc1
Rff2 34. f5 Rxc2+ 35. Kb1 Rcg2 36. fxe6+ Kxe6 37. Qf5+ Ke7 38. Qf1 Rb2+ 39. Ka1
Rxa2+ {White resigns} 0-1

[Event "Team 45 45 League T63"]
[Site "Internet Chess Club"]
[Date "2014.12.05"]
[Round "2"]
[White "zugknightly"]
[Black "frank001"]
[Result "0-1"]
[WhiteElo "1755"]
[BlackElo "1842"]
[Opening "English: Kurajica defense"]
[ECO "A13"]
[Time "21:01:55"]
[TimeControl "2700+45"]

1. c4 e6 2. Nf3 d5 3. g3 c6 4. Bg2 f5 5. b3 Nf6 6. Bb2 Bc5 7. O-O O-O 8. Qc2 Qb6
9. d4 Be7 10. Ne5 g6 11. c5 Qd8 12. f3 Nbd7 13. Nxd7 Bxd7 14. Nd2 Be8 15. e4 Bf7
16. Rad1 Ne8 17. b4 a6 18. Nb3 Rc8 19. a4 Ng7 20. Qd3 Bg5 21. Bc1 Bf6 22. e5 Be7
23. f4 Kh8 24. b5 axb5 25. axb5 g5 26. Kh1 Nh5 27. b6 Rg8 28. Qe3 gxf4 29. gxf4
Ra8 30. Qe2 Qf8 31. Bf3 Qh6 32. Qe3 Ng3+ {White resigns} 0-1

[Event "Team 45 45 League T63"]
[Site "Internet Chess Club"]
[Date "2014.12.06"]
[Round "2"]
[White "QuieroAprender"]
[Black "otherook"]
[Result "1/2-1/2"]
[WhiteElo "1610"]
[BlackElo "1761"]
[Opening "French defense"]
[ECO "C00"]
[Time "15:00:47"]
[TimeControl "2700+45"]

1. e4 e6 2. g3 d5 3. exd5 exd5 4. Bg2 c6 5. d4 Nf6 6. Bg5 h6 7. Qe2+ Be6 8. Bxf6
Qxf6 9. Nf3 Bd6 10. O-O O-O 11. c3 Nd7 12. Nbd2 Rfe8 13. Qd1 Qd8 14. Re1 Qc7 15.
b4 Nf6 16. Ne5 Bf5 17. f4 Re7 18. Qf3 Rae8 19. h3 Ne4 20. Nxe4 Bxe4 21. Qh5 Bxg2
22. Kxg2 f6 23. Nd3 Rxe1 24. Rxe1 Rxe1 25. Nxe1 Qe7 26. Kf2 Qe6 27. Qg4 Kf7 28.
Qxe6+ Kxe6 29. Kf3 h5 30. g4 hxg4+ 31. hxg4 g6 32. a4 b6 33. Nd3 a6 34. Kg3 Bc7
35. Kh4 Bd8 36. Kg3 Bc7 37. Kf3 Bd8 38. Nc1 Bc7 39. Nb3 Bd6 40. a5 Bc7 41. axb6
Bxb6 42. Ke3 Kd6 43. f5 g5 44. Kd3 Ba7 45. Nc1 Bb6 46. Ne2 Bc7 47. Ng3 Bb6 48.
Nh5 Ke7 49. Ng7 a5 50. bxa5 Bxa5 51. Ne6 Kd6 52. c4 Be1 53. Ng7 Ke7 54. cxd5
cxd5 55. Kc2 Ba5 56. Kb3 Bb6 57. Ne6 Ba5 58. Ka4 Bc3 59. Kb5 Kd6 60. Kb6 Bb2 61.
Kb5 Bc3 62. Ka4 Bxd4 63. Nxd4 Ke5 64. Ne6 Ke4 65. Nxg5+ Kf4 66. Nf7 Kxg4 67. Nd6
Kf4 68. Kb4 Ke5 69. Kc5 d4 70. Kc4 d3 71. Kxd3 Kxd6 72. Kd4 Kc6 73. Kc4 Kd6 74.
Kd4 Kc6 75. Kc4 Kd6 76. Kd4 Kc6 77. Kc4 {Game drawn by repetition} 1/2-1/2

[Event "Team 45 45 League T63"]
[Site "Internet Chess Club"]
[Date "2014.12.08"]
[Round "2"]
[White "Jyzzslynggur"]
[Black "Andressa"]
[Result "1-0"]
[WhiteElo "1693"]
[BlackElo "1456"]
[Opening "King's gambit"]
[ECO "C30"]
[Time "15:07:11"]
[TimeControl "2700+45"]

1. e4 e5 2. f4 d6 3. d3 Nf6 4. Nf3 Nbd7 5. Be2 Be7 6. Nc3 O-O 7. O-O c5 8. a4 b6
9. b3 Bb7 10. Qe1 a6 11. fxe5 dxe5 12. Bb2 Bd6 13. Nh4 Re8 14. Qg3 g6 15. Bd1
Kh8 16. Nf3 Nh5 17. Ng5 Nxg3 18. Nxf7+ Kg7 19. Nxd8 Nxf1 20. Nxb7 Be7 21. Nd5
Ra7 22. Nxc5 Bxc5+ 23. Kxf1 Rf8+ 24. Bf3 h5 25. Ke2 Raa8 26. Nc7 Rac8 27. Ne6+
Kf6 28. Nxf8 Rxf8 29. g4 hxg4 30. Bxg4 Ke7 31. Rf1 Rh8 32. h3 a5 33. Bxd7 Kxd7
34. Bxe5 Rxh3 35. Rf6 g5 36. d4 Bb4 37. Rxb6 Rc3 38. d5 Rxc2+ 39. Kf3 Rd2 40.
Rb7+ Kc8 41. Rc7+ Kd8 42. Kg4 Re2 43. Kf5 g4 44. d6 Rd2 45. Ke6 {Black resigns}
1-0

[Event "Team 45 45 League T63"]
[Site "Internet Chess Club"]
[Date "2014.12.07"]
[Round "2"]
[White "olivermx"]
[Black "kingphisch"]
[Result "0-1"]
[WhiteElo "1346"]
[BlackElo "1510"]
[Opening "Caro-Kann: classical variation"]
[ECO "B18"]
[Time "13:04:21"]
[TimeControl "2700+45"]

1. e4 c6 2. d4 d5 3. Nc3 dxe4 4. Nxe4 Bf5 5. Qd3 Bxe4 6. Qxe4 Nf6 7. Qf4 e6 8.
Be3 Nbd7 9. Qf3 Qb6 10. b3 Bb4+ 11. Kd1 Nd5 12. Ne2 N7f6 13. c4 Nxe3+ 14. fxe3
Be7 15. c5 Qc7 16. Qg3 Qxg3 17. Nxg3 O-O 18. Bd3 Rad8 19. Ke2 Nd5 20. Rac1 Bg5
21. Nf1 f5 22. Bc4 Rfe8 23. Bxd5 exd5 24. g3 f4 25. gxf4 Bxf4 26. Kd3 Bh6 27.
Re1 Rd7 28. h4 Rf7 29. Rh3 Rf2 30. Nd2 Ref8 31. Re2 Rxe2 32. Kxe2 Re8 33. Nf1 g6
34. Nh2 Bg7 35. Kd3 Rf8 36. Rf3 Rxf3 37. Nxf3 h6 38. e4 dxe4+ 39. Kxe4 Kf7 40.
d5 cxd5+ 41. Kxd5 Ke7 42. c6 bxc6+ 43. Kxc6 Bf6 44. a4 g5 45. hxg5 hxg5 46. Nh2
a5 47. Kb5 Bc3 48. Kc4 Bb4 49. Kb5 Ke6 50. Kc4 Kf5 51. Kd3 Kf4 52. Ke2 g4 53.
Nxg4 Kxg4 54. Kd3 Kf3 55. Kc2 Ke3 56. Kb2 Kd2 57. Kb1 Kc3 58. Ka2 Kc2 59. Ka1
Kxb3 60. Kb1 Bc3 61. Kc1 Kxa4 62. Kc2 Kb4 63. Kb1 Kb3 {White resigns} 0-1

[Event "Team 45 45 League T63"]
[Site "Internet Chess Club"]
[Date "2014.12.04"]
[Round "2"]
[White "caglar"]
[Black "QuieroAprender"]
[Result "0-1"]
[WhiteElo "1559"]
[BlackElo "1658"]
[Opening "Hungarian defense"]
[ECO "C50"]
[Time "14:07:36"]
[TimeControl "2700+45"]

1. e4 e5 2. Nf3 Nc6 3. Bc4 Be7 4. d3 d6 5. c3 Na5 6. Bb5+ Bd7 7. Bxd7+ Qxd7 8.
Nbd2 Nf6 9. Nf1 h6 10. Qe2 c5 11. Ng3 g6 12. O-O Nc6 13. Rd1 h5 14. d4 cxd4 15.
cxd4 h4 16. Nf1 Qg4 17. Ne3 Qxe4 18. dxe5 dxe5 19. Qb5 Rb8 20. Ng5 Qb4 21. Nd5
Qxb5 22. Nc7+ Kf8 23. Nxb5 Kg7 24. Be3 Ng4 25. Nf3 Nxe3 26. fxe3 Bc5 27. Kf2 h3
28. Rd5 Nb4 29. Rd7 Nc2 30. Rc1 Bxe3+ 31. Ke2 Bxc1 32. Nd6 Nd4+ 33. Nxd4 exd4
34. Rxf7+ Kg8 35. g4 Rd8 {White resigns} 0-1

[Event "Team 45 45 League T63"]
[Site "Internet Chess Club"]
[Date "2014.12.08"]
[Round "2"]
[White "BrerRabbit"]
[Black "JOFRAN"]
[Result "1-0"]
[WhiteElo "1520"]
[BlackElo "1419"]
[Opening "Réti opening"]
[ECO "A04"]
[Time "19:01:01"]
[TimeControl "2700+45"]

1. Nf3 c5 2. g3 d6 3. Bg2 Nf6 4. O-O a6 5. d3 e6 6. e4 Be7 7. a4 O-O 8. Nbd2
Nbd7 9. Nc4 d5 10. exd5 Nxd5 11. Re1 N7f6 12. b3 Bd7 13. Bb2 Rb8 14. Nfe5 b5 15.
Nxd7 Qxd7 16. Ne5 Qb7 17. c4 bxa4 18. cxd5 Qxb3 19. Qxb3 Rxb3 20. Bc1 Rfb8 21.
dxe6 fxe6 22. Nc6 Re8 23. Rxe6 Rb7 24. Nxe7+ Rbxe7 25. Rxe7 Rxe7 26. Be3 Rd7 27.
Bxc5 Rxd3 28. Bf1 Rc3 29. Be3 Rc6 30. Rxa4 Nd5 31. Bc4 Rd6 32. Ra5 Kf8 33. Rxd5
Rxd5 34. Bxd5 Ke8 35. Bc5 Kd8 36. Kf1 Kc7 37. Ke2 a5 38. Kd2 a4 39. Kc3 a3 40.
Kb3 g5 41. Kxa3 Kb8 42. Bb6 h5 43. Bc6 h4 44. Kb3 hxg3 45. hxg3 g4 46. Kc3 Kc8
47. Kd3 Kb8 48. Ke3 Kc8 49. Kf4 Kb8 50. Kxg4 Kc8 51. f3 Kb8 52. f4 Kc8 53. f5
Kb8 54. f6 Kc8 55. f7 Kb8 56. f8=Q# {Black checkmated} 1-0